 Dungeon Crawl Stone Soup version 0.31.0-12-g77e489cdc1 (webtiles) character file.

Game seed: 16046609235091846209

1794 Destapler the Trooper (level 8, -5/87 HPs)
             Began as a Troll Berserker on Mar 4, 2024.
             Was an Elder of Trog.
             Slain by a vampire (12 damage)
             ... on level 8 of the Dungeon.
             The game lasted 00:14:08 (5699 turns).

Destapler the Trooper (Troll Berserker)             Turns: 5699, Time: 00:14:08

Health: -5/87      AC:  4    Str: 28    XL:     8   Next: 82%
Magic:  7/7        EV: 11    Int:  3    God:    Trog [****..]
Gold:   338        SH:  0    Dex:  9    Spells: 7/7 levels left

rFire   . . .        u - +6 trident of Afromoel {venom, rC+ Will+}
rCold   + . .        (no shield)
rNeg    . . .        a - +0 robe
rPois   .            (helmet restricted)
rElec   .            (no cloak)
rCorr   +            (gloves unavailable)
SInv    .            (boots unavailable)
Will    +....        j - amulet of the acrobat
Stlth   +            y - ring of resist corrosion
HPRegen 1.14/turn    C - ring of flight
MPRegen 0.10/turn

%: acrobat
@: flying
A: large, unfitting armour, claws 3, regeneration 1, shaggy fur 1, tough skin 1
a: Renounce Religion, Berserk, Trog's Hand, Brothers in Arms


You were on level 8 of the Dungeon.
You worshipped Trog.
Trog was greatly pleased with you.
You visited 1 branch of the dungeon, and saw 8 of its levels.

You collected 338 gold pieces.

Inventory:

Hand Weapons
 u - the +6 trident of Afromoel (weapon) {venom, rC+ Will+}
   (You found it on level 4 of the Dungeon)

   rC+:       It protects you from cold.
   Will+:     It increases your willpower.
 B - a +0 giant spiked club
Armour
 a - a +0 robe (worn)
Jewellery
 j - an amulet of the acrobat (around neck)
 p - an amulet of faith
 y - a ring of resist corrosion (left claw)
 C - a ring of flight (right claw)
 D - a +6 ring of intelligence
 F - a ring of positive energy
Wands
 x - a wand of roots (11)
 A - a wand of mindburst (5)
Scrolls
 b - a scroll of immolation {unknown}
 c - 7 scrolls of enchant weapon {unknown}
 d - a scroll of brand weapon {unknown}
 e - 2 scrolls of noise {unknown}
 g - 5 scrolls of identify {unknown}
 i - 3 scrolls of fear {unknown}
 n - 4 scrolls of enchant armour {unknown}
 r - a scroll of butterflies {unknown}
 s - 2 scrolls of teleportation {unknown}
 E - a scroll of amnesia {unknown}
Potions
 f - 2 potions of resistance {unknown}
 h - a potion of might {unknown}
 k - a potion of attraction {unknown}
 l - a potion of mutation {unknown}
 m - a potion of brilliance {unknown}
 o - 2 potions of degeneration {unknown}
 q - 3 potions of curing {unknown}
 t - a potion of magic {unknown}
 v - 2 potions of invisibility {unknown}
 w - a potion of lignification {unknown}
 z - a potion of ambrosia {unknown}


   Skills:
 + Level 7.1 Fighting
 - Level 3.0 Polearms
 - Level 6.0 Dodging
 - Level 3.0 Unarmed Combat
 - Level 2.0 Evocations


You had 7 spell levels left.
You didn't know any spells.
Your spell library contained the following spells:

 Spells                   Type           Power      Damage    Failure   Level
 Magic Dart               Conj           0%         1d3       52%         1
 Blink                    Tloc           0%         N/A       67%         2
 Call Imp                 Summ           0%         N/A       67%         2
 Ensorcelled Hibernation  Hex/Ice        0%         N/A       67%         2
 Mercury Vapours          Alch/Air       0%         N/A       67%         2
 Mephitic Cloud           Conj/Alch/Air  0%         N/A       88%         3
 Passwall                 Erth           0%         N/A       88%         3
 Swiftness                Air            0%         N/A       88%         3
 Tukima's Dance           Hex            0%         N/A       88%         3
 Passage of Golubria      Tloc           0%         N/A       99%         4
 Freezing Cloud           Conj/Ice/Air   0%         6-21      100%        5
 Yara's Violent Unravell  Hex/Alch       0%         3d3       100%        5


Dungeon Overview and Level Annotations

Branches:
Dungeon (8/15)             Temple (0/1) D:7
   Lair: D:8-11

Altars:
Ashenzari
Okawaru
Sif Muna

Shops:
D:4 [


Innate Abilities, Weirdness & Mutations

You are too large for most types of armour.
You have claws for hands.
Your natural rate of healing is unusually fast.
You are covered in fur. (AC +1)
You have tough skin. (AC +1)


Message History

The vampire flickers and vanishes!
Deactivating autopickup; reactivate with Ctrl-A.
No target in view!
No target in view!
No target in view!
No target in view!
No target in view!
You miss something. Something hits you but does no damage. Something bites you.
Something draws strength from your injuries!
You hit something but do no damage. Something hits you! Something bites you.
Something draws strength from your injuries!
You closely miss something. Something hits you but does no damage.
Something bites you!
Something draws strength from your injuries!
You hit something. Something hits you. Something bites you but does no damage.
You barely miss something.
You hear some strange, mumbled words.
Something tries to affect you, but you resist.
Something hits you but does no damage. Something bites you!
Something draws strength from your injuries!
You hit something but do no damage. Something hits you!
* * * LOW HITPOINT WARNING * * *
Something bites you.
* * * LOW HITPOINT WARNING * * *
Something draws strength from your injuries!
You miss something. Something hits you!
* * * LOW HITPOINT WARNING * * *
Something bites you.
* * * LOW HITPOINT WARNING * * *
Something draws strength from your injuries!
You hit something but do no damage. Something hits you.
* * * LOW HITPOINT WARNING * * *
Something bites you but does no damage.
You hit something. Something hits you.
* * * LOW HITPOINT WARNING * * *
Something bites you!
* * * LOW HITPOINT WARNING * * *
Something draws strength from your injuries!
You barely miss something. Something hits you!
You die...

##..#######
#.# #[.#
#.# ##.#
#.# #.# #.#
#.# #.# #.#
##.## #.@.#
#.{.# #...#
#!>..
#.....
#...###
#####


There were no monsters in sight!

Vanquished Creatures
  Sigmund (D:1)
  A black bear (D:7)
  An ice beast (D:6)
  A sky beast (D:7)
  An ogre (D:5)
  A centaur (D:7)
  2 bullfrogs
  2 scorpions
  A gnoll sergeant (D:7)
  A killer bee (D:7)
  2 quasits (D:7)
  2 jellies
  A bombardier beetle (D:3)
  3 hounds
  2 orc priests
  A sleepcap (D:5)
  Natasha (thrice) (D:4)
  4 iguanas
  An orc wizard (D:6)
  7 gnolls
  6 adders
  A shadow imp (D:7)
  3 white imps
  6 ufetubi
  A ribbon worm (D:4)
  7 dart slugs
  12 orcs
  4 ball pythons
  5 endoplasms
  A giant cockroach (D:3)
  4 goblins
  8 hobgoblins
  10 jackals
  7 kobolds
  2 quokkas (D:1)
  9 bats
  9 frilled lizards
  8 rats
141 creatures vanquished.

Vanquished Creatures (others)
  An orc wizard (D:7)
1 creature vanquished.

Grand Total: 142 creatures vanquished

Notes
Turn   | Place    | Note
-------+----------+-------------------------------------------
     0 | D:1      | Destapler the Troll Berserker began the quest for the Orb.
     0 | D:1      | Reached XP level 1. HP: 22/22 MP: 0/0
   202 | D:1      | Reached XP level 2. HP: 29/29 MP: 1/1
   677 | D:2      | Reached skill level 3 in Fighting
   691 | D:2      | Reached ** piety under Trog
   692 | D:2      | Reached XP level 3. HP: 37/37 MP: 2/2
   694 | D:2      | Noticed Sigmund
   897 | D:1      | Killed Sigmund
   898 | D:1      | Reached skill level 4 in Fighting
   898 | D:1      | Reached XP level 4. HP: 10/48 MP: 3/3
   898 | D:1      | Reached XP level 5. HP: 12/54 MP: 4/4
  1247 | D:2      | Found an iron altar of Okawaru.
  1310 | D:2      | Reached XP level 6. HP: 62/62 MP: 5/5
  1710 | D:3      | Reached *** piety under Trog
  2414 | D:4      | Found Myhomuss's Antique Armour Shoppe.
  2420 | D:4      | Identified the +6 trident of Afromoel {venom, rC+ Will+}
  2471 | D:4      | Found a broken altar of Ashenzari.
  2563 | D:4      | Noticed Natasha
  2571 | D:4      | Killed Natasha
  2664 | D:4      | Noticed Natasha
  2674 | D:4      | Killed Natasha
  2936 | D:4      | Noticed Natasha
  2940 | D:4      | Killed Natasha
  3082 | D:5      | Entered Level 5 of the Dungeon
  3251 | D:5      | Reached skill level 5 in Fighting
  3297 | D:5      | Reached skill level 5 in Dodging
  3297 | D:5      | Reached XP level 7. HP: 72/72 MP: 6/6
  4442 | D:6      | Reached skill level 6 in Fighting
  4442 | D:6      | Reached XP level 8. HP: 39/83 MP: 7/7
  4525 | D:6      | Found a shimmering blue altar of Sif Muna.
  4790 | D:7      | Reached skill level 1 in Polearms
  4790 | D:7      | Reached skill level 1 in Evocations
  4923 | D:7      | Found a staircase to the Ecumenical Temple.
  5103 | D:7      | Reached **** piety under Trog
  5579 | D:7      | Reached skill level 7 in Fighting
  5699 | D:8      | Slain by a vampire

Illustrated notes

Levels and vault maps discovered:
D:1:      dpeg_arrival_circle_labyrinth_c, layout_rooms
D:2:      minmay_skewed_foursquare, layout_basic, basic_altar, uniq_sigmund
D:3:      minmay_evil_eye, layout_rooms, serial_co_window_serial,
          co_window_corner_a, co_window_paths_a, co_window_of_opportunity_a,
          co_window_paths_b, co_window_of_opportunity_a,
          co_window_unsneaky_path_a, co_window_corner_b,
          co_window_unsneaky_path_e, co_window_broadway_b, co_window_broadway_b,
          co_window_4corner_b, glass_columns_b, glass_columns_c
D:4:      layout_basic, cheibrodos_ashenzari_chains, serial_shops,
          nicolae_shop_tiny_glass, uniq_natasha
D:5:      layout_gridville, minivault_26
D:6:      layout_basic, lemuel_coloured_pillars_altar
D:7:      layout_rooms, minmay_temple_entry_statues_fountains, serial_demonic,
          serial_demonic_d, serial_demonic_g, serial_demonic_g,
          serial_demonic_d, serial_demonic_a, kennysheep_generic_room_2
D:8:      layout_basic, serial_shops, nicolae_shop_tiny_waterfront

Skill      XL: |  1  2  3  4  5  6  7  8 |
---------------+-------------------------+-----
Fighting       | 3 4 5 6 7 |  7.1
Dodging        | 3 4 5 6 |  6.0
Polearms       | 3 |  3.0
Evocations     | 2 |  2.0
Unarmed Combat | |  3.0

Action                     |  1- 3 |  4- 6 |  7- 9 || total
---------------------------+-------+-------+-------++-------
  Melee: Unarmed           |    85 |   181 |   132 ||   398
         Punch             |     2 |     1 |     1 ||     4
         Trident           |       |       |    34 ||    34
 Invoke: Berserk           |     1 |     1 |       ||     2
         Trog's Hand       |     1 |       |       ||     1
   Stab: Sleeping          |       |     2 |       ||     2
 Armour: Animal skin       |    25 |       |       ||    25
         Robe              |    53 |   114 |   151 ||   318
  Dodge: Dodged            |    89 |   122 |    96 ||   307
